Map: [TLMC15] Curious Minds

Players

DPGZest (Zest) - Winner!

  • Race: Protoss Protoss

Solar

  • Race: Zerg Zerg
  • League: Master

Event: StayAtHome Story Cup #4

VOD

Have the link to the VOD?

Description

Time

  • Played on: Oct. 23, 2021, 7:38 a.m.
  • Length: 14:22

All games in this series

Show
View Real Time Build Order
Export as new Build Order

DPGZest Protoss - Winner!

Build Orders: 1 Gate Expand, Oracle Opening, Carriers 

Get SALT Encoding   

  12  0:00  Probe  
  13  0:12  Probe  
  14  0:19  Pylon  
  14  0:24  Probe  
  15  0:38  Probe (Chrono Boost)  
  15  0:40  Gateway  
  16  0:47  Probe (Chrono Boost)  
  17  0:51  Assimilator  
  17  0:52  Probe (Chrono Boost)  
  19  1:04  Probe  
  19  1:16  Probe  
  20  1:25  Nexus  
  20  1:35  Cybernetics Core  
  20  1:38  Probe  
  21  1:45  Assimilator  
  21  1:50  Probe  
  22  1:54  Pylon  
  22  2:02  Probe (Chrono Boost)  
  23  2:12  Adept  
  23  2:14  Probe (Chrono Boost)  
  26  2:17  Stargate  
  26  2:19  Probe (Chrono Boost)  
  27  2:25  Warp Gate  
  27  2:31  Probe (Chrono Boost)  
  28  2:38  Probe (Chrono Boost)  
  28  2:42  Adept  
  32  2:48  Probe x2 (Chrono Boost)  
  33  2:53  Probe (Chrono Boost)  
  33  2:54  Probe  
  33  2:55  Void Ray (Chrono Boost)  
  39  3:06  Probe x2  
  39  3:10  Pylon  
  41  3:18  Probe x2  
  41  3:19  Gateway  
  43  3:28  Oracle (Chrono Boost)  
  43  3:30  Probe x2  
  48  3:42  Probe  
  48  3:43  Probe  
  50  3:54  Pylon  
  50  3:55  Probe x2  
  52  3:57  Nexus  
  52  4:01  Assimilator x2  
  52  4:07  Probe  
  52  4:09  Probe  
  54  4:14  Stargate  
  54  4:19  Probe  
  54  4:20  Protoss Air Weapons Level 1  
  54  4:22  Probe  
  56  4:27  Void Ray  
  56  4:31  Probe  
  56  4:34  Probe  
  56  4:36  Pylon  
  62  4:45  Pylon  
  62  4:55  Forge, Probe x2 (Chrono Boost)  
  62  4:56  Void Ray  
  64  5:04  Void Ray  
  64  5:07  Probe x2 (Chrono Boost)  
  70  5:14  Probe x3 (Chrono Boost)  
  76  5:16  Shield Battery  
  77  5:21  Probe x2 (Chrono Boost)  
  77  5:22  Probe (Chrono Boost)  
  80  5:32  Probe (Chrono Boost)  
  80  5:33  Probe x2 (Chrono Boost)  
  80  5:34  Void Ray (Chrono Boost)  
  80  5:35  Pylon, Assimilator  
  83  5:36  Assimilator  
  83  5:37  Probe x2 (Chrono Boost)  
  83  5:38  Probe (Chrono Boost)  
  90  5:44  Pylon  
  90  5:47  Probe x2, Void Ray (Chrono Boost)  
  90  5:48  Probe  
  93  5:50  Photon Cannon  
  93  5:53  Stargate  
  97  5:59  Probe  
  98  6:04  Photon Cannon  
  98  6:08  Shield Battery  
  98  6:15  Fleet Beacon, Void Ray (Chrono Boost)  
  98  6:17  Photon Cannon, Shield Battery  
  98  6:20  Void Ray (Chrono Boost)  
  106  6:33  Gateway  
  106  6:34  Gateway  
  106  6:37  Pylon  
  106  6:44  Pylon  
  106  6:49  Void Ray x2 (Chrono Boost)  
  106  6:51  Nexus  
  106  6:54  Pylon  
  106  7:00  Robotics Facility  
  114  7:06  Pylon  
  114  7:07  Void Ray (Chrono Boost)  
  114  7:13  Photon Cannon  
  114  7:14  Photon Cannon  
  114  7:15  Shield Battery  
  114  7:19  Flux Vanes  
  118  7:23  Void Ray (Chrono Boost)  
  122  7:30  Adept x2  
  122  7:35  Void Ray  
  125  7:37  Void Ray  
  131  7:48  Shield Battery x2  
  127  7:53  Void Ray (Chrono Boost)  
  129  8:12  Void Ray (Chrono Boost)  
  125  8:14  Void Ray (Chrono Boost)  
  125  8:22  Zealot  
  125  8:38  Void Ray (Chrono Boost)  
  125  8:40  Zealot  
  123  8:45  Void Ray (Chrono Boost)  
  123  8:47  Void Ray (Chrono Boost)  
  119  8:49  Pylon  
  119  8:50  Pylon  
  119  8:52  Pylon  
  119  8:55  Pylon  
  123  9:00  Probe  
  115  9:05  Probe x2  
  115  9:07  Probe  
  117  9:11  Observer  
  117  9:15  Probe  
  123  9:17  Probe x2  
  123  9:19  Carrier x2 (Chrono Boost)  
  123  9:20  Carrier (Chrono Boost)  
  137  9:24  Probe  
  137  9:27  Pylon  
  137  9:29  Pylon  
  137  9:30  Probe x3  
  139  9:40  Zealot x4  
  130  9:57  Photon Cannon  
  130  9:58  Photon Cannon  
  130  9:59  Photon Cannon x2  
  120  10:09  Photon Cannon  
  120  10:10  Photon Cannon, Void Ray  
  120  10:17  Pylon  
  120  10:18  Pylon, Void Ray  
  112  10:38  Pylon  
  112  10:40  Pylon  
  112  10:41  Pylon  
  112  10:50  Observer  
  112  10:55  Pylon  
  112  10:56  Pylon  
  112  11:02  Protoss Air Weapons Level 2 (Chrono Boost)  
  112  11:03  Carrier (Chrono Boost)  
  118  11:04  Pylon  
  118  11:11  Carrier (Chrono Boost)  
  118  11:14  Nexus  
  130  11:20  Pylon  
  130  11:21  Pylon  
  130  11:25  Carrier (Chrono Boost)  
  130  11:39  Zealot x2  
  123  11:49  Nexus  
  123  11:58  Void Ray (Chrono Boost)  
  123  11:59  Void Ray (Chrono Boost)  
  131  12:11  Void Ray  
  131  12:13  Photon Cannon  
  131  12:20  Pylon  
  135  12:26  Pylon  
  135  12:36  Zealot x2  
  137  12:48  Void Ray x2 (Chrono Boost)  
  129  13:00  Void Ray (Chrono Boost)  
  133  13:19  Nexus  
  125  13:34  Void Ray (Chrono Boost)  
  120  13:41  Void Ray (Chrono Boost)  
Show
View Real Time Build Order
Export as new Build Order

Solar Zerg 

Build Orders: Hatch First 

Get SALT Encoding   

  12  0:00  Drone  
  13  0:12  Overlord  
  13  0:17  Drone  
  14  0:31  Drone x2  
  16  0:48  Hatchery  
  15  0:51  Drone  
  15  0:54  Drone  
  17  0:57  Drone  
  18  1:08  Extractor  
  17  1:13  Spawning Pool  
  17  1:16  Drone  
  17  1:20  Drone  
  18  1:29  Drone  
  19  1:38  Drone  
  20  1:49  Overlord  
  20  2:00  Queen  
  22  2:01  Queen  
  22  2:03  Drone x2  
  26  2:10  Drone  
  26  2:11  Drone  
  26  2:13  Metabolic Boost  
  28  2:23  Drone, Zergling x2  
  30  2:36  Hatchery  
  29  2:38  Drone  
  30  2:44  Queen  
  30  2:48  Overlord  
  30  2:51  Drone  
  33  2:52  Drone  
  33  2:55  Drone  
  33  2:57  Zergling x2  
  36  3:05  Zergling x2  
  36  3:08  Drone  
  36  3:10  Drone x3  
  40  3:15  Queen  
  40  3:18  Overlord  
  42  3:21  Drone  
  42  3:26  Queen  
  44  3:30  Overlord  
  44  3:38  Drone x2  
  44  3:41  Overlord  
  46  3:48  Queen  
  46  3:49  Drone x4  
  46  3:53  Spore Crawler, Drone  
  52  3:56  Drone x2  
  52  3:59  Spore Crawler  
  52  4:02  Drone  
  54  4:03  Drone  
  54  4:07  Drone x2  
  54  4:08  Drone  
  58  4:10  Overlord  
  58  4:13  Drone x2  
  58  4:14  Drone  
  61  4:18  Zergling x2  
  61  4:23  Drone x2  
  63  4:26  Drone x2  
  63  4:27  Drone  
  63  4:28  Drone  
  67  4:31  Overlord  
  67  4:33  Drone  
  67  4:40  Lair  
  67  4:41  Drone x3  
  67  4:42  Drone x3  
  73  4:47  Roach Warren  
  73  4:50  Extractor  
  73  4:51  Zergling x4, Extractor  
  71  4:54  Drone  
  71  4:55  Drone  
  71  4:57  Overlord  
  73  5:00  Drone x2  
  73  5:04  Extractor  
  73  5:05  Zergling x2, Extractor  
  73  5:06  Zergling x4  
  76  5:11  Overlord  
  76  5:12  Drone x2  
  76  5:13  Drone x3  
  81  5:16  Queen  
  81  5:17  Drone x2  
  81  5:18  Drone  
  81  5:20  Queen  
  88  5:25  Drone x2, Overlord  
  90  5:29  Overlord  
  90  5:32  Overlord  
  90  5:33  Drone  
  91  5:38  Drone x2  
  91  5:39  Glial Reconstitution  
  92  5:44  Extractor  
  92  5:47  Overseer  
  92  5:49  Drone  
  91  5:54  Overlord  
  91  5:55  Queen x2  
  95  5:59  Overlord  
  95  6:04  Hatchery  
  95  6:09  Overlord  
  95  6:11  Queen  
  95  6:21  Evolution Chamber  
  95  6:23  Overlord  
  94  6:28  Zergling x2  
  94  6:29  Overlord, Zergling x6  
  94  6:31  Queen  
  99  6:36  Overlord  
  99  6:39  Queen  
  101  6:48  Queen  
  101  6:50  Roach x7  
  101  6:51  Roach x5  
  127  6:58  Zerg Missile Weapons Level 1  
  127  6:59  Roach x2  
  131  7:05  Roach x9  
  131  7:06  Queen  
  131  7:07  Roach  
  153  7:11  Overlord  
  153  7:12  Overlord  
  153  7:16  Overlord  
  153  7:18  Ravager x9  
  153  7:19  Ravager  
  163  7:24  Roach x2  
  167  7:30  Overlord  
  167  7:31  Zergling x2  
  167  7:32  Queen  
  167  7:33  Queen  
  167  7:35  Zergling x4  
  173  7:38  Zergling x6  
  173  7:40  Roach  
  173  7:41  Roach  
  173  7:43  Roach  
  173  7:45  Ravager x5  
  173  7:46  Zergling x2  
  173  7:48  Zergling x2  
  177  7:52  Zergling x4  
  177  7:56  Queen  
  177  7:57  Roach x2  
  181  8:05  Zergling x4  
  178  8:08  Queen x2  
  165  8:14  Roach x3  
  152  8:23  Roach x3  
  152  8:24  Zergling x4  
  144  8:29  Zergling x2  
  144  8:31  Queen  
  144  8:32  Queen  
  141  8:36  Roach x2  
  136  8:44  Queen x2  
  136  8:47  Roach x2  
  131  8:49  Roach  
  131  8:51  Roach  
  131  8:52  Roach  
  131  8:54  Roach  
  131  8:55  Roach  
  137  9:01  Roach  
  124  9:04  Roach  
  124  9:05  Roach  
  124  9:07  Queen  
  124  9:08  Queen  
  124  9:09  Roach x2  
  132  9:13  Roach x2  
  132  9:15  Ravager  
  132  9:16  Ravager x7  
  143  9:17  Ravager x2  
  143  9:18  Ravager  
  143  9:19  Queen  
  143  9:20  Zergling x2  
  143  9:23  Ravager  
  143  9:24  Roach  
  152  9:25  Roach  
  152  9:27  Roach  
  152  9:30  Zergling x4  
  158  9:32  Roach  
  158  9:34  Ravager x3  
  158  9:35  Ravager  
  163  9:43  Roach x3  
  166  9:45  Queen  
  166  9:46  Queen  
  166  9:51  Queen  
  166  9:54  Roach x2  
  166  9:57  Queen  
  169  10:06  Roach x2, Zergling x2  
  169  10:07  Zergling x6  
  170  10:16  Zergling x10  
  170  10:20  Zergling x10  
  180  10:21  Queen  
  180  10:22  Queen  
  182  10:32  Zergling x2  
  182  10:33  Queen, Zergling x4  
  184  10:41  Infestation Pit  
  183  10:47  Drone x5  
  183  10:48  Drone x2  
  185  10:50  Overlord  
  185  10:54  Extractor  
  185  10:55  Hatchery, Overlord  
  178  11:00  Overlord  
  178  11:02  Drone  
  173  11:21  Ravager  
  173  11:23  Pathogen Glands, Hive  
  173  11:24  Zergling x16  
  182  11:31  Queen  
  184  11:43  Infestor x3  
  184  11:44  Infestor x2  
  191  11:48  Infestor x2  
  193  12:04  Infestor  
  191  12:09  Queen  
  191  12:12  Zergling x12  
  196  12:16  Zerg Ground Armor Level 1  
  196  12:19  Spore Crawler  
  195  12:26  Zergling x8  
  174  12:56  Zergling x10  
  174  12:58  Viper x4  
  159  13:02  Zergling x12  
  172  13:09  Hatchery  
  172  13:10  Zergling x4  
  166  13:13  Ultralisk Cavern  
  164  13:20  Zergling x4  
  164  13:21  Queen x2  
  162  13:31  Infestor x2  
  150  13:35  Zergling x6  
  150  13:41  Zergling x2  
  135  13:44  Infestor  
  127  13:51  Zergling x4  
  123  14:03  Zergling x4  
Tags
 
Add a new tag
Caveats
  • Supply blocks, unpowered buildings, or Contaminate may cause inaccurate times.
  • Supply counts are checked every 10 seconds.